 Dungeon Crawl Stone Soup version 0.27.1-1-g398f81649c (webtiles) character file.

Game seed: 599546935047167107

133345 Cykl0x the Fencer (level 16, 0/145 HPs)
             Began as a Minotaur Fighter on Sept 12, 2021.
             Was the Champion of the Shining One.
             Slain by an entropy weaver (7 damage)
             ... on level 3 of the Spider Nest.
             The game lasted 00:52:30 (34465 turns).

Cykl0x the Fencer (Minotaur Fighter)               Turns: 34465, Time: 00:52:31

Health: 0/145      AC: 11    Str: 29    XL:     16   Next: 59%
Magic:  24/24      EV: 18    Int:  7    God:    the Shining One [******]
Gold:   3467       SH: 20    Dex:  9    Spells: 15/15 levels left

rFire    + . .     SeeInvis +   v - +0 falchion (elec)
rCold    . . .     Faith    .   c - +1 kite shield
rNeg     + + +     Spirit   .   P - +5 ring mail "Tiot Vihu" {rElec rPois rC- rCorr}
rPois    +         Reflect  +   x - +3 crown of Dyrovepreva {rElec Int+2 SInv}
rElec    +         Harm     .   a - scarf {rC+ rF+}
rCorr    +         Rampage  .   (no gloves)
Will     ++...                  (no boots)
Stlth    ..........             X - amulet of reflection
HPRegen  0.34/turn              i - +4 ring of evasion
MPRegen  0.19/turn              y - ring of willpower

@: corroded, glowing
A: horns 2, retaliatory headbutt
a: Renounce Religion, Divine Shield, Cleansing Flame, Summon Divine Warrior,
Brand Weapon With Holy Wrath


You were on level 3 of the Spider Nest.
You worshipped the Shining One.
The Shining One was exalted by your worship.
You visited 5 branches of the dungeon, and saw 27 of its levels.
You also visited: Ossuary and Volcano.

You collected 4347 gold pieces.
You spent 880 gold pieces at shops.

Inventory:

Hand Weapons
 g - a +2 scimitar of flaming
 v - a +0 falchion of electrocution (weapon)
Missiles
 e - 1023 stones
 k - 122 poisoned darts
 J - 2 curare-tipped darts
 Z - 20 boomerangs (quivered)
Armour
 a - a scarf of resistance (worn)
 c - a +1 kite shield (worn)
 x - the +3 crown of Dyrovepreva (worn) {rElec Int+2 SInv}
   (You bought it in a shop on level 2 of the Orcish Mines)

   Int:       It affects your intelligence (+2).
   rElec:     It insulates you from electricity.
   SInv:      It lets you see invisible.
 P - the +5 ring mail "Tiot Vihu" (worn) {rElec rPois rC- rCorr}
   (You found it on level 11 of the Dungeon)

   rC:        It makes you vulnerable to cold.
   rElec:     It insulates you from electricity.
   rPois:     It protects you from poison.
   rCorr:     It protects you from acid and corrosion.
Jewellery
 i - a +4 ring of evasion (left hand)
 r - a ring of poison resistance
 y - a ring of willpower (right hand)
 A - a ring of wizardry
 G - the ring "Ecaafetz" {Ice Str+2}
   (You found it on level 7 of the Dungeon)

   [ring of ice]

   It enhances your ice magic.
   Str:       It affects your strength (+2).
   rF:        It makes you vulnerable to fire.
   rC:        It protects you from cold.
 O - a ring of resist corrosion
 R - a ring of protection from fire
 X - an amulet of reflection (around neck)
Wands
 b - a wand of flame (134)
 h - a wand of polymorph (15)
 I - a wand of digging (18)
 K - a wand of paralysis (20)
 M - a wand of charming (17)
 Q - a wand of acid (22)
Scrolls
 m - 6 scrolls of enchant armour
 n - 8 scrolls of teleportation
 q - 2 scrolls of blinking {unknown}
 u - 4 scrolls of amnesia
 D - 3 scrolls of brand weapon
 E - 3 scrolls of immolation
 F - 6 scrolls of enchant weapon
 L - 9 scrolls of identify
 T - 3 scrolls of fear
 W - a scroll of magic mapping
 Y - a scroll of fog
Potions
 d - 4 potions of might
 f - a potion of haste
 j - 4 potions of heal wounds
 l - 15 potions of curing
 o - 2 potions of magic
 p - 7 potions of flight
 t - 5 potions of ambrosia
 w - 3 potions of resistance
 z - a potion of cancellation
 C - 4 potions of mutation
 U - a potion of brilliance


   Skills:
 + Level 13.7 Fighting
 + Level 4.3(10.8) Short Blades
 + Level 15.9(16.1) Long Blades
 + Level 9.8 Throwing
 + Level 11.3 Armour
 + Level 9.7 Dodging
 + Level 15.6 Shields
 * Level 13.1 Invocations
 + Level 2.3 Evocations


You had 15 spell levels left.
You didn't know any spells.
Your spell library contained the following spells:

 Spells                   Type           Power      Damage    Failure   Level
 Apportation              Tloc           0%         N/A       52%         1
 Shock                    Conj/Air       0%         1d3       52%         1
 Passwall                 Tmut/Erth      0%         N/A       67%         2
 Poisonous Vapours        Pois/Air       0%         N/A       67%         2
 Call Canine Familiar     Summ           0%         N/A       88%         3
 Conjure Flame            Conj/Fire      0%         6-21      88%         3
 Dazzling Flash           Conj/Hex       0%         N/A       88%         3
 Gell's Gravitas          Tloc           0%         N/A       88%         3
 Ignite Poison            Fire/Tmut/Pois 0%         N/A       88%         3
 Inner Flame              Hex/Fire       0%         N/A       88%         3
 Lesser Beckoning         Tloc           0%         N/A       88%         3
 Portal Projectile        Hex/Tloc       0%         N/A       88%         3
 Stone Arrow              Conj/Erth      0%         3d7       88%         3
 Swiftness                Air            0%         N/A       88%         3
 Teleport Other           Tloc           0%         N/A       88%         3
 Airstrike                Air            0%         N/A       99%         4
 Animate Armour           Summ/Erth      0%         N/A       99%         4
 Cause Fear               Hex            0%         N/A       99%         4
 Fulminant Prism          Conj/Hex       0%         3d6       99%         4
 Iskenderun's Mystic Bla  Conj/Tloc      0%         2d3       99%         4
 Leda's Liquefaction      Hex/Erth       0%         N/A       99%         4
 Sticky Flame             Conj/Fire      0%         2d3       99%         4
 Summon Lightning Spire   Summ/Air       0%         N/A       99%         4
 Agony                    Necr           0%         N/A       100%        5
 Alistair's Intoxication  Tmut/Pois      0%         N/A       100%        5
 Blade Hands              Tmut           0%         N/A       100%        5
 Fireball                 Conj/Fire      0%         3d3       100%        5
 Iskenderun's Battlesphe  Conj           0%         2d6       100%        5
 Lee's Rapid Deconstruct  Erth           0%         3d5*      100%        5
 Silence                  Hex/Air        0%         N/A       100%        5
 Conjure Ball Lightning   Conj/Air       0%         3x3d6     100%        6
 Invisibility             Hex            0%         N/A       100%        6
 Iron Shot                Conj/Erth      0%         9d1       100%        6
 Starburst                Conj/Fire      0%         6d3       100%        6
 Orb of Destruction       Conj           0%         N/A       100%        7
 Discord                  Hex            0%         N/A       100%        8
 Chain Lightning          Conj/Air       0%         N/A       100%        9


Dungeon Overview and Level Annotations

Branches:
Dungeon (15/15)            Temple (1/1) D:5            Lair (6/6) D:10
 Shoals (0/4) Lair:3       Spider (3/4) Lair:3        Slime (0/5) Lair:5
    Orc (2/2) D:9             Elf (0/3) Orc:2        Vaults (0/5) D:14
 Depths (0/5) D:15        Ossuary (visited)         Volcano (visited)

Altars:
Ashenzari
Cheibriados
Dithmenos
Elyvilon
Fedhas
Gozag
Hepliaklqana
Kikubaaqudgha
Makhleb
Nemelex Xobeh
Okawaru
Qazlal
Ru
Sif Muna
Trog
Uskayaw
Vehumet
Wu Jian
Xom
Yredelemnul
Zin
The Shining One
Jiyva

Shops:
D:1 (   D:9 *   Orc:2 **[(:*:


Innate Abilities, Weirdness & Mutations

You have a pair of horns on your head.
You reflexively headbutt those who attack you in melee.


Message History

The entropy weaver misses you. You furiously retaliate!
You headbutt the entropy weaver.
You riposte.
You hit the entropy weaver but do no damage.
The entropy weaver is almost dead.
You block the entropy weaver's attack. x2; The entropy weaver hits you.
The redback bites you! The jumping spider pounces on you.
You are caught in a web!
The jumping spider bites you but does no damage.
You struggle to detach yourself from the web.
The redback bites you.
You are poisoned.
The redback poisons you! The redback closely misses you.
You furiously retaliate!
You headbutt the redback, but do no damage.
The jumping spider pounces on you but does no damage.
The jumping spider bites you but does no damage.
The entropy weaver hits you but does no damage.
The entropy weaver hits you. The entropy weaver hits you! x2
* * * LOW HITPOINT WARNING * * *
The redback bites you.
* * * LOW HITPOINT WARNING * * *
You are lethally poisoned!
The redback poisons you!
You feel better. The redback bites you!
* * * LOW HITPOINT WARNING * * *
The jumping spider leaps!
The entropy weaver hits you!
* * * LOW HITPOINT WARNING * * *
The entropy weaver hits you but does no damage.
The entropy weaver closely misses you. The entropy weaver hits you.
* * * LOW HITPOINT WARNING * * *
The redback closely misses you.
The redback bites you but does no damage.
The entropy weaver points at you and mumbles some strange words.
The entropic weave corrodes you!
The web tears apart.
You block the redback's attack.
The jumping spider leaps!
You block the redback's attack.
The jumping spider leaps!
You block the redback's attack. The entropy weaver hits you!
* * * LOW HITPOINT WARNING * * *
You block the entropy weaver's attack. The entropy weaver hits you!
You die...

## . ## ###. ^#
....###^ ...... #.†###
#.s.s## #s@^..##
#.B.#.<.##
..○.####...###########
#^#.......#...##..##..#
..
##....#.#...#...#.... .
#.#^.#.#..○.#.......
#..# #.^#.#.......##
....^...####...#### ..
.#..^ #####


You could see an entropy weaver, a jumping spider and 2 redbacks.

Vanquished Creatures
  Kirke (D:15)
  The ghost of AyAyRon the Bludgeoner, an adept DsFi of Yredelemnul (D:15)
  The ghost of Skiberibeda the Grappler, a journeyman TrMo (Lair:6)
  An orc warlord (Orc:1)
  A stone giant (D:15)
  An entropy weaver (Spider:2)
  The ghost of larifari the Covert, a journeyman OpDe of Ashenzari (Orc:2)
  Snorg (Orc:1)
  Josephine (Lair:5)
  Erolcha (D:9)
  4 boulder beetles
  A vault guard (D:14)
  5 hydras
  6 centaur warriors
  5 catoblepae
  A spectral stone giant (D:15)
  11 death yaks
  9 two-headed ogres
  3 tengu warriors
  3 orc high priests (Orc:2)
  5 orc knights
  Pikel (D:6)
  7 wizards (D:12)
  3 harpies (D:15)
  A deep elf pyromancer (D:12)
  2 necromancers
  8 wolf spiders
  8 orb spiders
  4 orc sorcerers (Orc:2)
  8 cyclopes
  A salamander (shapeshifter) (D:14)
  4 manticores
  2 salamanders (Volcano)
  21 ugly things
  3 black mambas
  A moth of wrath (Spider:1)
  6 elephants
  Joseph (D:9)
  Maurice (Orc:1)
  2 gargoyles (D:7)
  10 cane toads
  10 komodo dragons
  6 demonic crawlers
  4 rime drakes
  2 efreet
  3 freezing wraiths (D:15)
  A komodo dragon (shapeshifter) (D:15)
  3 tengu conjurers
  11 trolls
  12 jumping spiders
  2 hornets
  A polar bear (Lair:5)
  Prince Ribbit (D:8)
  22 blink frogs
  A wind drake (Lair:3)
  A meliai zombie (D:10)
  7 dream sheep (Lair:4)
  3 slime creatures (D:13)
  26 redbacks
  A shadow (D:12)
  8 tarantellas
  60 yaks
  5 wyverns
  6 wraiths
  5 fire bats
  2 basilisks
  2 steam dragons (D:10)
  6 vampire mosquitoes
  28 water moccasins
  2 hell hounds (Volcano)
  2 acid dragons
  31 orc warriors
  A hornet zombie (D:6)
  9 ice beasts
  A swamp drake (Lair:2)
  3 black bears
  18 wolves
  2 elephant zombies (Lair:5)
  28 centaurs
  12 ogres
  4 phantoms
  6 kobold brigands
  A komodo dragon zombie (Lair:5)
  5 gnoll sergeants
  14 bullfrogs
  A scorpion (D:5)
  11 killer bees
  9 electric eels
  6 wights
  5 howler monkeys
  2 centaur zombies
  A lava snake (Lair:4)
  2 bullfrog zombies
  5 hounds
  A jelly (D:8)
  3 gnoll shamans
  16 orc priests
  3 centaur skeletons
  Crazy Yiuf (D:6)
  3 bullfrog skeletons
  2 iguanas (D:5)
  Natasha (thrice) (D:4)
  25 orc wizards
  A killer bee zombie (D:8)
  A hound skeleton (D:4)
  A howler monkey zombie (D:5)
  9 mummies
  25 gnolls
  A howler monkey skeleton (D:6)
  22 adders
  An ufetubus (D:6)
  2 adder skeletons (D:4)
  An adder zombie (D:5)
  A worm (D:4)
  2 dart slugs
  50 orcs
  11 endoplasms
  4 giant cockroaches
  A gnoll zombie (Ossuary)
  6 goblins
  6 hobgoblins
  12 jackals
  22 kobolds
  3 quokkas
  2 ball pythons
  7 bats
  2 frilled lizards (D:1)
  A goblin zombie (D:7)
  2 hobgoblin zombies
  3 kobold zombies (Ossuary)
  3 orc zombies (Ossuary)
  A quokka skeleton (D:4)
  7 rats
844 creatures vanquished.

Vanquished Creatures (collateral kills)
  A skeletal warrior (D:15)
  A phantasmal warrior (D:15)
  A freezing wraith (D:15)
  A vampire mosquito (D:15)
4 creatures vanquished.

Vanquished Creatures (others)
  A human (D:15)
  2 centaurs (Volcano)
  2 demonic plants (D:2)
  32 fungi
  56 plants
93 creatures vanquished.

Grand Total: 941 creatures vanquished

Notes
Turn   | Place    | Note
-------+----------+-------------------------------------------
     0 | D:1      | Cykl0x the Minotaur Fighter began the quest for the Orb.
     0 | D:1      | Reached XP level 1. HP: 19/19 MP: 0/0
   150 | D:1      | Reached XP level 2. HP: 27/27 MP: 1/1
   440 | D:1      | Found Ociuz's Antique Weapon Boutique.
   775 | D:2      | Reached XP level 3. HP: 29/33 MP: 2/2
  1217 | D:2      | Found a faded altar of an unknown god.
  1474 | D:2      | Identified a scroll of acquirement
  1474 | D:2      | Acquired 1036 gold pieces
  1612 | D:2      | Reached XP level 4. HP: 38/40 MP: 3/3
  2842 | D:4      | Noticed a phantom
  2852 | D:4      | Killed a phantom
  2853 | D:4      | Reached skill level 1 in Throwing
  2853 | D:4      | Reached XP level 5. HP: 13/47 MP: 4/4
  3051 | D:4      | Reached skill level 1 in Dodging
  3220 | D:4      | Noticed Natasha
  3223 | D:4      | Found an ancient bone altar of Kikubaaqudgha.
  3227 | D:4      | Killed Natasha
  3228 | D:4      | Noticed an ogre
  3246 | D:4      | Killed an ogre
  3247 | D:4      | Reached skill level 5 in Armour
  3247 | D:4      | Reached XP level 6. HP: 32/55 MP: 5/5
  3553 | D:4      | Reached skill level 5 in Long Blades
  3568 | D:4      | Noticed Natasha
  3579 | D:4      | Killed Natasha
  3704 | D:4      | Reached skill level 5 in Fighting
  3900 | D:4      | Noticed Natasha
  3909 | D:4      | Killed Natasha
  4155 | D:5      | Entered Level 5 of the Dungeon
  4258 | D:5      | Reached skill level 5 in Shields
  4258 | D:5      | Reached XP level 7. HP: 61/61 MP: 6/6
  4597 | D:5      | Found a staircase to the Ecumenical Temple.
  4606 | Temple   | Entered the Ecumenical Temple
  4781 | Temple   | Became a worshipper of the Shining One
  5129 | D:6      | Reached skill level 1 in Invocations
  5346 | D:6      | Reached skill level 1 in Short Blades
  5346 | D:6      | Reached XP level 8. HP: 20/69 MP: 7/7
  6138 | D:6      | Noticed Pikel
  6148 | D:6      | Killed Pikel
  6182 | D:6      | Reached * piety under the Shining One
  6413 | D:6      | Found a runed translucent door.
  6414 | D:6      | Noticed Crazy Yiuf
  6654 | D:6      | Reached XP level 9. HP: 75/75 MP: 10/10
  7038 | D:6      | Killed Crazy Yiuf
  7272 | D:7      | Found a sand-covered staircase.
  7279 | Ossuary  | Entered an ossuary
  7296 | Ossuary  | Reached ** piety under the Shining One
  7446 | Ossuary  | Reached *** piety under the Shining One
  7718 | D:7      | Reached skill level 5 in Throwing
  7793 | D:7      | Found a glowing silver altar of Zin.
  7966 | D:7      | Reached skill level 5 in Invocations
  8104 | D:7      | Noticed a gargoyle
  8113 | D:7      | Killed a gargoyle
  8201 | D:7      | Reached XP level 10. HP: 78/84 MP: 13/13
  8297 | D:7      | Noticed a purple ugly thing
  8298 | D:7      | Noticed a cyclops
  8299 | D:7      | Noticed a cyan ugly thing
  8317 | D:7      | Killed a cyan ugly thing
  8322 | D:7      | Killed a cyan ugly thing
  8322 | D:7      | Noticed a red ugly thing
  8328 | D:7      | Killed a cyclops
  8334 | D:7      | Killed a red ugly thing
  8337 | D:7      | Noticed a gargoyle
  8337 | D:7      | Reached **** piety under the Shining One
  8341 | D:7      | Killed a gargoyle
  8349 | D:7      | Noticed a boulder beetle
  8354 | D:7      | HP: 4/86 [boulder beetle (23)]
  8355 | D:7      | Killed a boulder beetle
  8356 | D:7      | Reached skill level 10 in Long Blades
  8704 | D:7      | Got the Grimoire of Enchantment and the Birds
  8709 | D:7      | Identified the ring "Ecaafetz" {Ice Str+2}
  8972 | D:8      | Noticed Prince Ribbit
  8974 | D:8      | Killed Prince Ribbit
  9070 | D:8      | Reached XP level 11. HP: 94/94 MP: 15/15
  9146 | D:8      | Found a radiant altar of Vehumet.
  9147 | D:8      | Found an iron altar of Okawaru.
  9240 | D:8      | Noticed a two-headed ogre
  9249 | D:8      | Killed a two-headed ogre
  9418 | D:9      | Found Ararch's Elemental Accessories.
  9424 | D:9      | Noticed Joseph
  9437 | D:9      | Killed Joseph
  9840 | D:9      | Noticed Erolcha
  9854 | D:9      | Killed Erolcha
 10219 | D:9      | Found a staircase to the Orcish Mines.
 10266 | D:9      | HP: 3/94 [orc warrior (5)]
 10628 | D:9      | Found a broken altar of Ashenzari.
 10647 | D:10     | Entered Level 10 of the Dungeon
 10745 | D:10     | Found a stormy altar of Qazlal.
 10769 | D:10     | Found a staircase to the Lair.
 10801 | D:10     | Found a burning altar of Makhleb.
 10801 | D:10     | Found a shadowy altar of Dithmenos.
 10805 | D:10     | Found a blossoming altar of Fedhas.
 10838 | D:10     | Noticed a two-headed ogre
 10847 | D:10     | Killed a two-headed ogre
 11114 | D:10     | You fall into a shaft and drop 2 floors!
 11155 | D:12     | Noticed a white ugly thing
 11175 | D:12     | Killed a white ugly thing
 11176 | D:12     | Reached skill level 1 in Evocations
 11240 | D:12     | Noticed a two-headed ogre
 11250 | D:12     | Killed a two-headed ogre
 11357 | D:12     | Reached ***** piety under the Shining One
 11379 | D:11     | Reached XP level 12. HP: 99/103 MP: 17/17
 11513 | D:10     | Identified the +1 war axe of Duty {pain, rElec Int+4 SInv}
 11743 | D:11     | Noticed a two-headed ogre
 11747 | D:11     | Killed a two-headed ogre
 11799 | D:11     | Identified the +4 mace of Wondrous Power {vorpal, +Rage
                  | rPois MP+9}
 11831 | D:11     | Identified the +5 ring mail "Tiot Vihu" {rElec rPois rC-
                  | rCorr}
 12576 | D:12     | Noticed a two-headed ogre
 12578 | D:12     | Noticed a two-headed ogre
 12581 | D:12     | Killed a two-headed ogre
 12582 | D:12     | Reached skill level 10 in Shields
 12589 | D:12     | Killed a two-headed ogre
 13259 | D:12     | Noticed a boulder beetle
 13271 | D:12     | Killed a boulder beetle
 13427 | D:12     | Reached skill level 10 in Armour
 13686 | D:13     | Noticed a tengu warrior
 13696 | D:13     | Killed a tengu warrior
 13870 | D:13     | Reached XP level 13. HP: 113/113 MP: 19/19
 13875 | D:13     | Reached skill level 10 in Fighting
 14484 | D:13     | Reached skill level 5 in Dodging
 15372 | D:14     | Reached skill level 10 in Invocations
 16494 | D:14     | Found a gate to the Vaults.
 17108 | D:15     | Entered Level 15 of the Dungeon
 17128 | D:15     | Identified the +0 leather armour "Teozeono" {Rampage Str+6}
 17674 | D:15     | Reached XP level 14. HP: 61/122 MP: 21/21
 17909 | D:15     | Found a transporter.
 17915 | D:15     | Noticed AyAyRon's ghost (adept DsFi)
 17917 | D:15     | Found a transporter.
 17968 | D:15     | Noticed Kirke
 17992 | D:15     | Noticed a sphinx
 17992 | D:15     | Killed Kirke
 18308 | D:15     | Noticed a stone giant
 18310 | D:15     | Found a staircase to the Depths.
 18324 | D:15     | Killed a stone giant
 18654 | D:15     | Reached ****** piety under the Shining One
 19759 | D:15     | Killed AyAyRon's ghost
 19785 | D:15     | Got the Catalogue of Dusty Flames
 19911 | Lair:1   | Entered Level 1 of the Lair of Beasts
 19949 | Lair:1   | Found a dark tunnel.
 19954 | Volcano  | Entered a volcano
 23160 | Lair:3   | Found a staircase to the Shoals.
 23477 | Lair:3   | Found a hole to the Spider Nest.
 23705 | Lair:3   | Identified the +3 broad axe "Sisch" {holy, rElec Str-2
                  | SInv}
 24275 | Lair:3   | Identified the +1 dagger "Edeupig" {speed, rCorr Str-4
                  | Dex-5 Stlth+}
 24707 | Lair:4   | Reached XP level 15. HP: 133/133 MP: 22/22
 24744 | Lair:4   | Reached skill level 15 in Long Blades
 25594 | Lair:5   | Found a staircase to the Slime Pits.
 25594 | Lair:5   | Found a viscous altar of Jiyva.
 26328 | Lair:5   | Noticed Josephine
 26338 | Lair:5   | Killed Josephine
 26514 | Lair:5   | Found the +4 skin of Zhor {*Englaciate rC+++ SInv}
 26604 | Lair:6   | Entered Level 6 of the Lair of Beasts
 26647 | Lair:6   | Found a runed translucent door.
 26657 | Lair:6   | Noticed Skiberibeda's ghost (journeyman TrMo)
 26869 | Lair:6   | Killed Skiberibeda's ghost
 28537 | Lair:6   | Identified the +2 rapier of Ravage {drain, MP-9 Int+4
                  | Stlth+}
 29229 | Orc:1    | Entered Level 1 of the Orcish Mines
 29427 | Orc:2    | Entered Level 2 of the Orcish Mines
 29427 | Orc:2    | Found Jaexzuq's Armour Shoppe.
 29518 | Orc:1    | Noticed an orc warlord
 29520 | Orc:1    | Noticed Maurice
 29541 | Orc:1    | Killed Maurice
 29567 | Orc:1    | Killed an orc warlord
 29589 | Orc:1    | Reached XP level 16. HP: 52/144 MP: 24/24
 29715 | Orc:1    | Noticed Snorg
 29728 | Orc:1    | Killed Snorg
 30473 | Orc:2    | Found a runed translucent gate.
 30473 | Orc:2    | Found a runed translucent gate.
 30474 | Orc:2    | Found a runed translucent gate.
 30481 | Orc:2    | Found an opulent altar of Gozag.
 30486 | Orc:2    | Found Moit's Assorted Antiques.
 30486 | Orc:2    | Noticed larifari's ghost (journeyman OpDe)
 30487 | Orc:2    | Found Vepa's Assorted Antiques.
 30510 | Orc:2    | Killed larifari's ghost
 30836 | Orc:2    | Found a staircase to the Elven Halls.
 30958 | Orc:2    | Found Uwoiddy's Book Emporium.
 31540 | Orc:2    | Found Kixawokki's General Store.
 31547 | Orc:2    | Bought the +3 crown of Dyrovepreva {rElec Int+2 SInv} for
                  | 496 gold pieces
 31547 | Orc:2    | Found the +3 crown of Dyrovepreva {rElec Int+2 SInv}
 31547 | Orc:2    | Bought a scarf of resistance for 384 gold pieces
 31571 | Orc:2    | Found Cepit's Book Boutique.
 31573 | Orc:2    | Found Lopolyu's Antique Weapon Emporium.
 31913 | Spider:1 | Entered Level 1 of the Spider Nest
 32005 | Spider:1 | Reached skill level 15 in Shields
 34465 | Spider:3 | HP: 7/145 [entropy weaver (11)]
 34465 | Spider:3 | Slain by an entropy weaver

Illustrated notes

Levels and vault maps discovered:
D:1:      dpeg_arrival_boxorama, layout_rooms, serial_shops, shop
D:2:      layout_basic, shapermc_ecumenical_altar_gd, serial_glass,
          glass_columns_a, glass_columns_a, serial_park_tiny_pond
D:3:      layout_loops_ring, st_stairs_13, grunt_ministairs_11
D:4:      layout_loops_ring, kiku_gazebo_pond_becter, uniq_natasha
D:5:      layout_rooms, minmay_temple_entry_overgrown
D:6:      layout_cave_pools, serial_gnoll_camp, gnoll_camp_medium_01,
          gnoll_camp_mini_hut, gnoll_camp_mini_basic, gnoll_camp_mini_doghouse,
          hangedman_decor_growths, solitary_fountain, hangedman_decor_opposing,
          kennysheep_generic_room_10, uniq_pikel, uniq_crazy_yiuf_cottage
D:7:      minmay_the_grid_triangle_9x9_rhombus_full
          [minmay_the_grid_triangle_9x9_wacky_v,
          minmay_the_grid_triangle_9x9_steps,
          minmay_the_grid_triangle_9x9_thin_v,
          minmay_the_grid_triangle_9x9_warning,
          minmay_the_grid_triangle_9x9_impossible_snake,
          minmay_the_grid_triangle_9x9_corruption,
          minmay_the_grid_triangle_9x9_zippers_vertical,
          minmay_the_grid_triangle_9x9_prize_schism], layout_rooms,
          mainiacjoe_overflow_six_doors_small, nicolae_ossuary_entry_giza
D:8:      layout_rooms, chequers_temple_overflow_statue_of_worship,
          kennysheep_generic_room_9, uniq_prince_ribbit1
D:9:      layout_roguey, general_overflow_altar,
          kennysheep_orc_monster_closet_entryway, nicolae_elemental_shop,
          uniq_erolcha, uniq_joseph
D:10:     minmay_twisted_water, layout_basic, nicolae_overflow_hidden_temple,
          grunt_qazlal_clouds, lair_entry_dummy, due_unseen_surprise
D:11:     minmay_inner_zag, layout_loops_ring, minmay_misc_feat_iff
D:12:     minmay_wizard_corner, layout_basic, grunt_ministairs_9
D:13:     layout_grid_maze
D:14:     layout_loops_corners, david_vaults_5, chequers_serial_rivers_micro_d
D:15:     grunt_enter_depths_giant_problem, layout_long_grid,
          gammafunk_ghost_mausoleum, uniq_kirke
Temple:   nicolae_temple_figure_eight
Lair:1:   layout_chaotic_city, nicolae_volcano_entry_lava_flow,
          grunt_megastairs_2
Lair:2:   lemuel_reptile_caves, layout_cave_pods, grunt_megastairs_5
Lair:3:   layout_loops_ring, minmay_shoals_entry_beasts, spider_nest_entry_a,
          grunt_megastairs_3
Lair:4:   layout_gridlike
Lair:5:   pond_and_an_island_with_a_cottage, layout_regular_city, slime_altar_1,
          chequers_serial_rivers_small_b, uniq_josephine
Lair:6:   evilmike_catoblepas_cave, layout_cave_pods,
          ebering_ghost_reflecting_pool
Spider:1: layout_spider_delve
Spider:2: layout_spider_delve, nicolae_spider_spiderdrome
Spider:3: layout_spider_delve, guppyfry_spider_mini_3
Orc:1:    layout_diamond_mine, uniq_maurice, uniq_snorg
Orc:2:    st_orc_elflike, layout_caves, ebering_ghost_gozag, serial_shops,
          nicolae_shop_waterfront

Skill      XL: |  1  2  3  4  5  6  7  8  9 10 11 12 13 14 15 16 |
---------------+-------------------------------------------------+-----
Armour         | 4 5 6 8 9 10 11 | 11.3
Fighting       | 4 5 6 7 8 9 10 12 13 | 13.7
Shields        | 4 5 6 7 9 10 11 13 14 15 | 15.6
Long Blades    | 3 4 5 6 7 10 11 13 14 15 | 15.9
Throwing       | 1 2 3 4 5 6 7 8 9 |  9.8
Dodging        | 1 2 3 4 6 7 9 |  9.7
Invocations    | 1 3 5 7 8 9 10 11 12 13 | 13.1
Short Blades   | 1 4 |  4.3
Evocations     | 1 2 |  2.3

Action                   |  1- 3 |  4- 6 |  7- 9 | 10-12 | 13-15 | 16-18 || total
-------------------------+-------+-------+-------+-------+-------+-------++-------
Melee: Long sword        |    97 |   114 |    14 |       |       |       ||   225
       Headbutt          |    12 |    24 |    64 |    74 |   326 |   105 ||   605
       Short sword       |       |       |   150 |       |       |       ||   150
       Scimitar          |       |       |   101 |   411 |  1184 |       ||  1696
       Rapier            |       |       |       |       |     3 |       ||     3
       Falchion          |       |       |       |       |    70 |   441 ||   511
Throw: Stone             |    42 |    27 |       |       |   169 |     8 ||   246
       Dart              |       |    33 |    30 |     6 |       |     4 ||    73
       Boomerang         |       |       |    40 |    99 |    28 |    89 ||   256
Invok: Divine Shield     |       |       |       |     1 |     5 |     2 ||     8
       Cleansing Flame   |       |       |       |       |     3 |       ||     3
       Summon Divine War |       |       |       |       |     1 |       ||     1
Evoke: Wand              |       |       |       |    17 |    13 |     2 ||    32
  Use: Scroll            |     5 |     8 |     5 |     9 |     4 |       ||    31
       Potion            |       |       |     2 |     5 |     8 |     5 ||    20
Armor: Scale mail        |    63 |    50 |    53 |       |       |       ||   166
       Chain mail        |       |       |    54 |    83 |       |       ||   137
       Ring mail         |       |       |       |    32 |   266 |    48 ||   346
Dodge: Dodged            |    42 |    36 |    91 |   143 |   537 |   136 ||   985
Block: Kite shield       |    73 |    57 |   161 |   287 |   887 |   368 ||  1833
       Reflection        |       |       |       |       |     2 |     2 ||     4
       Rpst.: Long sword |     7 |     8 |     3 |       |       |       ||    18
       Scimitar          |       |       |     7 |    31 |   136 |       ||   174
       Falchion          |       |       |       |       |     2 |    23 ||    25
